AoeStats
← Alerius

Arabia

510435120Analyzed
1v1 RM · 2d ago on Oct 1, 2026· 29m 23s· 2 players
Game mode
Random Map
Map size
Tiny (2 player)
Population
200
Speed
Normal
Resources
Standard
Victory
Conquest
Starting age
Dark Age
Ending age
Imperial Age
RankedLock teamsTeams togetherTeam positionsShared explorationLock speedFull tech treeHidden civsTurbo modeCheats
Victory
Defeat
1087
+17
🇺🇸 Italians · United States
1115
-44
米德维奇小学副校长
4:57 Loom
9:07 Feudal Age
9:44 Double-Bit Axe
9:40 Horse Collar
10:05 Town Watch
19:59 Castle Age
24:19 Wheelbarrow
23:57 Bow Saw
26:52 Gold Mining
28:41 Gold Shaft Mining
28:17 Stone Mining
Alerius
6:42 Loom
9:16 Feudal Age
10:37 Double-Bit Axe
11:24 Horse Collar
13:51 Fletching
15:32 Gold Mining
21:43 Castle Age
21:48 Crossbowman
22:25 Bodkin Arrow
26:29 Heavy Plow
26:40 Bow Saw
26:44 Scale Barding Armor
26:58 Forging
28:23 Bloodlines
Connection lost

Rejoining the realm…

Still unreachable

The connection could not be restored.

Session expired

The server has moved on; the page needs a fresh start.